 Dungeon Crawl Stone Soup version 0.20.0-10-g0535bb4 (webtiles) character file.

1874 George the Carver (level 8, -5/63 (64) HPs)
             Began as a Minotaur Fighter on June 3, 2017.
             Engulfed by a cloud of flame (25 damage)
             ... on level 6 of the Dungeon.
             The game lasted 00:07:51 (4115 turns).

George the Carver (Minotaur Fighter)                Turns: 4115, Time: 00:07:52

HP:   -5/63 (64)    AC: 10    Str: 27    XL:     8   Next: 91%
MP:   7/7           EV:  6    Int:  5    God:
Gold: 249           SH: 10    Dex:  9    Spells: 7/7 levels left

rFire    . . .     SeeInvis .   x - -1 rapier (curse)
rCold    . . .     Gourm    .   c - +0 shield
rNeg     . . .     Faith    .   h - +0 chain mail
rPois    .         Spirit   .   (helmet restricted)
rElec    .         Reflect  .   (no cloak)
rCorr    .         Harm     .   (no gloves)
MR       .....                  u - +0 pair of boots
Stlth    ..........             m - amulet of regeneration
Regen    0.6/turn               n - +3 ring of strength
MPRegen  0.1/turn               (no ring)

@: no status effects
A: retaliatory headbutt, horns 2
a: no special abilities


You were on level 6 of the Dungeon.
You were hungry.

You visited 1 branch of the dungeon, and saw 6 of its levels.
You also visited: Sewer.

You collected 249 gold pieces.

Inventory:

Hand Weapons
 a - a +0 long sword
 r - the +3 dagger of the Cup {vamp, Fragile rElec SInv, unknown}
   (You found it on level 5 of the Dungeon)

   It inflicts no extra harm, but heals its wielder when it wounds a living foe.
   It insulates you from electricity.
   It lets you see invisible.
   It will be destroyed if unequipped.
 x - a cursed -1 rapier (weapon)
Missiles
 q - 2 javelins (quivered)
Armour
 c - a +0 shield (worn)
 h - a +0 chain mail (worn)
 u - a +0 pair of boots (worn)
Jewellery
 m - an amulet of regeneration (around neck)
 n - a +3 ring of strength (left hand)
 y - an uncursed ring of fire
Wands
 t - a wand of digging (17/24)
 z - a wand of random effects (23/48)
Scrolls
 k - 3 scrolls of teleportation
Potions
 d - a potion of might
 e - a potion of ambrosia
 g - 2 potions of lignification
 j - a potion of resistance
 l - 4 potions of heal wounds
 o - 7 potions of curing
 p - 6 potions of flight {unknown}
 s - 2 potions of cancellation {unknown}
 v - a potion of magic {unknown}
Comestibles
 b - a fruit
 f - 6 bread rations
 i - a meat ration
 w - a chunk of flesh


   Skills:
 - Level 3.6 Fighting
 + Level 13.4 Long Blades
 - Level 3.6 Armour
 - Level 3.6 Shields


You had 7 spell levels left.
You didn't know any spells.

Dungeon Overview and Level Annotations

Branches:
Dungeon (6/15)
 Temple: D:4-7

Altars:
Elyvilon
Fedhas
Makhleb
Ru
Sif Muna
Vehumet

Shops:
D:6 ?


Innate Abilities, Weirdness & Mutations

You reflexively headbutt those who attack you in melee.
You have a pair of horns on your head.


Message History

You closely miss something. Something hits you but does no damage.
You closely miss something. You headbutt something.
Something hits you but does no damage.
You miss something. You headbutt something.
Something hits you but does no damage.
You closely miss something. Your headbutt misses something.
You hear some strange, mumbled words.
A magic dart appears from out of thin air!
The magic dart hits you!
You are feeling hungry.
You hit something but do no damage. You closely miss something.
You headbutt something! Something hits you but does no damage.
You miss something. Something hits you but does no damage.
You puncture something! The fiery explosion engulfs you!
Ouch! That really hurt!
Reactivating autopickup.
You feel a bit more experienced.
You are engulfed in blazing flames.
You are engulfed in blazing flames.
You die...

..# #.............# ..#
#######............#
..###..................#
....#.#####..............
.##.# ###..............
....# #...............
....# #.##.###.######
....# #.##..##§# ....#
#.###.##@# ###...#
#.###..#§############
.###
#.#.##.#............##
....#
#.#.##................
####
#...###...............
###.###...............
##...%#.....†........
#......>..%.)%...!...
#.#...############...


There were no monsters in sight!

Vanquished Creatures
  The ghost of MTVSty1e the Chopper, an amateur DDFi (D:4)
  The ghost of George the Cleaver, an amateur HOBe of Trog (Sewer)
  A necrophage (D:6)
  2 ogres (D:4)
  3 centaurs (D:5)
  2 big kobolds (Sewer)
  A scorpion (D:4)
  A howler monkey (D:4)
  A crimson imp (D:6)
  A bullfrog zombie (D:5)
  5 orc wizards
  A jelly (D:5)
  2 orc priests
  4 iguanas
  6 worker ants
  A killer bee zombie (D:5)
  2 adders (D:5)
  2 river rats (D:3)
  2 oozes
  3 adder skeletons
  6 worms
  2 dart slugs (D:1)
  2 leopard geckos
  21 orcs
  5 ball pythons
  3 giant cockroaches
  9 goblins
  3 hobgoblins (D:2)
  16 kobolds
  9 bats
  5 frilled lizards
  9 rats
132 creatures vanquished.

Notes
Turn   | Place    | Note
-------+----------+-------------------------------------------
     0 | D:1      | George the Minotaur Fighter began the quest for the Orb.
     0 | D:1      | Reached XP level 1. HP: 19/19 MP: 0/0
    33 | D:1      | Reached skill level 3 in Long Blades
    60 | D:1      | Reached XP level 2. HP: 26/26 MP: 1/1
   416 | D:1      | Reached skill level 4 in Long Blades
   803 | D:2      | Reached XP level 3. HP: 28/31 MP: 2/2
   920 | D:2      | Found a sacrificial altar of Ru.
  1296 | D:3      | Reached skill level 5 in Long Blades
  1317 | D:3      | Found a glowing drain.
  1325 | D:3      | Reached XP level 4. HP: 20/39 MP: 3/3
  1371 | Sewer    | Entered a sewer
  1410 | Sewer    | Noticed George's ghost (amateur HOBe)
  1439 | Sewer    | Killed George's ghost
  1439 | Sewer    | Reached skill level 7 in Long Blades
  1439 | Sewer    | Reached XP level 5. HP: 25/45 MP: 4/4
  1439 | Sewer    | Reached XP level 6. HP: 29/51 MP: 5/5
  1544 | Sewer    | Reached skill level 8 in Long Blades
  1699 | D:3      | Found a faded altar of an unknown god.
  1829 | D:3      | Found a radiant altar of Vehumet.
  2012 | D:3      | Found a blossoming altar of Fedhas.
  2176 | D:4      | Noticed MTVSty1e's ghost (amateur DDFi)
  2178 | D:4      | Reached skill level 9 in Long Blades
  2349 | D:4      | Reached XP level 7. HP: 49/57 MP: 6/6
  2435 | D:4      | Killed MTVSty1e's ghost
  2435 | D:4      | Reached skill level 10 in Long Blades
  2600 | D:4      | Reached skill level 11 in Long Blades
  2663 | D:4      | Reached XP level 8. HP: 64/64 MP: 7/7
  2907 | D:5      | Entered Level 5 of the Dungeon
  2939 | D:5      | Got an ebony dagger
  3047 | D:5      | Reached skill level 12 in Long Blades
  3444 | D:5      | Found a burning altar of Makhleb.
  3791 | D:6      | Found Itounire's Magic Scroll Emporium.
  3795 | D:5      | Found a white marble altar of Elyvilon.
  3795 | D:5      | Found a deep blue altar of Sif Muna.
  3959 | D:6      | Reached skill level 13 in Long Blades
  4115 | D:6      | Engulfed by a cloud of flame

Skill      XL: |  1  2  3  4  5  6  7  8 |
---------------+-------------------------+-----
Long Blades    | 3 4 5 7 9 11 13 | 13.4
Fighting       | |  3.6
Armour         | |  3.6
Shields        | |  3.6

Action                   |  1- 3 |  4- 6 |  7- 9 || total
-------------------------+-------+-------+-------++-------
Melee: Long sword        |    85 |   127 |   151 ||   363
       Headbutt          |    12 |    38 |    40 ||    90
       Rapier            |       |       |    58 ||    58
  Use: Scroll            |     3 |     2 |     6 ||    11
 Stab: Paralysed         |     1 |       |       ||     1
  Eat: Chunk             |    12 |       |     2 ||    14
Armor: Scale mail        |    50 |    38 |       ||    88
       Chain mail        |       |    16 |    75 ||    91
Dodge: Dodged            |    24 |    33 |    47 ||   104
Block: Shield            |    49 |    72 |    86 ||   207
       Rpst.: Long sword |     5 |     6 |    10 ||    21
